 Dungeon Crawl Stone Soup version 0.29.1-1-gd02db6906a (webtiles) character file.

Game seed: 7878228747537873708

216 LustLizard the Slasher (level 6, 0/46 HPs)
             Began as a Human Gladiator on Oct 13, 2022.
             Slain by a lemure (1 damage)
             ... led by Pikel
             ... on level 3 of the Dungeon.
             The game lasted 00:04:41 (4860 turns).

LustLizard the Slasher (Human Gladiator)            Turns: 4860, Time: 00:04:42

Health: 0/46       AC:  4    Str: 15    XL:     6   Next: 16%
Magic:  6/6        EV: 13    Int: 14    God:
Gold:   94         SH:  0    Dex: 16    Spells: 5/5 levels left

rFire   . . .      SeeInvis .   a - +0 long sword
rCold   + . .      Faith    .   (no shield)
rNeg    . . .      Spirit   .   b - +0 leather armour
rPois   .          Reflect  .   c - +0 helmet
rElec   .          Harm     .   (no cloak)
rCorr   .          Rampage  .   (no gloves)
Will    .....                   (no boots)
Stlth   +.........              (no amulet)
HPRegen 0.15/turn               r - ring of protection from cold
MPRegen 0.10/turn               u - +6 ring of intelligence

@: no status effects
A: no striking features
a: no special abilities


You were on level 3 of the Dungeon.
You visited 1 branch of the dungeon, and saw 4 of its levels.

You collected 206 gold pieces.
You spent 112 gold pieces at shops.

Inventory:

Hand Weapons
 a - a +0 long sword (weapon)
 h - a +2 dagger of venom
Missiles
 d - 4 throwing nets (quivered)
 e - 5 javelins
 j - 16 stones
 l - 6 poisoned darts
Armour
 b - a +0 leather armour (worn)
 c - a +0 helmet (worn)
Jewellery
 r - a ring of protection from cold (left hand)
 u - a +6 ring of intelligence (right hand)
Wands
 w - a wand of quicksilver (10)
Scrolls
 g - 2 scrolls of teleportation {unknown}
 k - a scroll of enchant armour {unknown}
 m - a scroll of vulnerability {unknown}
 o - a scroll of butterflies {unknown}
 s - a scroll of poison
Potions
 f - a potion of lignification {unknown}
 i - 2 potions of haste
 n - a potion of ambrosia
 p - a potion of curing
 q - a potion of might
 v - a potion of attraction
 x - a potion of mutation {unknown}
 z - a potion of brilliance {unknown}


   Skills:
 + Level 2.8 Fighting
 * Level 4.2 Long Blades
 * Level 3.6 Throwing
 + Level 1.8 Armour
 + Level 3.5 Dodging


You had 5 spell levels left.
You didn't know any spells.
Your spell library was empty.

Dungeon Overview and Level Annotations

Branches:
Dungeon (4/15)
 Temple: D:4-7

Altars:
Hepliaklqana
Kikubaaqudgha
Qazlal

Shops:
D:1 !   D:2 ?

Annotations:
D:4 Duvessa, Pikel


Message History

The lemure is heavily wounded.
The lemure hits you!
* * * LOW HITPOINT WARNING * * *
The lemure misses you.
You hit the lemure.
The lemure is heavily wounded.
The lemure closely misses you.
You feel much better. The lemure misses you.
You hit the lemure.
The lemure is severely wounded.
The lemure hits you.
You barely miss the lemure.
The lemure is severely wounded.
The lemure hits you.
You closely miss the lemure.
The lemure is severely wounded.
The lemure barely misses you.
You completely miss the lemure.
The lemure is severely wounded.
The lemure barely misses you. The lemure hits you.
You closely miss the lemure.
The lemure is heavily wounded.
The lemure barely misses you.
You barely miss the lemure.
The lemure is heavily wounded.
The lemure hits you.
You hit the lemure but do no damage.
The lemure is heavily wounded.
The lemure hits you.
* * * LOW HITPOINT WARNING * * *
You slash the lemure!
The lemure is almost dead.
The lemure hits you.
* * * LOW HITPOINT WARNING * * *
You closely miss the lemure.
The lemure is almost dead.
The lemure hits you.
* * * LOW HITPOINT WARNING * * *
The lemure hits you.
You die...

#.# #........#..))......+ #.#
#.....###########.... #.#
#...............#..## #.#
#......#####.#..#....
#.######......#........##.##
###.............#.#......##.#.
#.........###'#.#........##.#.
#.......)†#####.#.###....##.##
#.......>).g5@)..........##...
#...#.#)....###.######...#####
#..........## #.#........#
#...#.#....# #.#<###.#..#####
#..........# #.#.#####.......
#.........## #.#........#####
#.........# #.##########
#######.#######.# #.........#


You could see a lemure and a goblin.

Vanquished Creatures
  A hound (D:4)
  Robin (D:3)
  3 gnolls (D:3)
  4 adders
  3 worms
  A dart slug (D:4)
  8 orcs
  12 ball pythons
  7 endoplasms
  4 giant cockroaches
  10 goblins
  7 hobgoblins
  5 jackals
  9 kobolds
  3 quokkas
  2 bats
  3 frilled lizards
  4 rats (D:1)
87 creatures vanquished.

Notes
Turn   | Place    | Note
-------+----------+-------------------------------------------
     0 | D:1      | LustLizard the Human Gladiator began the quest for the Orb.
     0 | D:1      | Reached XP level 1. HP: 16/16 MP: 1/1
   170 | D:1      | Found Goowest's Distillery.
   246 | D:1      | Reached XP level 2. HP: 19/22 MP: 2/2
   469 | D:1      | Found a faded altar of an unknown god.
  1110 | D:1      | Bought a potion of curing for 36 gold pieces
  1110 | D:1      | Bought a potion of might for 48 gold pieces
  1170 | D:2      | Found Zonekoshio's Magic Scroll Boutique.
  1176 | D:2      | Reached XP level 3. HP: 17/27 MP: 3/3
  1774 | D:2      | Reached XP level 4. HP: 25/34 MP: 4/4
  2529 | D:2      | Bought a scroll of identify for 28 gold pieces
  2602 | D:3      | Reached skill level 1 in Armour
  2826 | D:3      | Reached XP level 5. HP: 28/39 MP: 5/5
  3137 | D:3      | Found an ancient bone altar of Kikubaaqudgha.
  3475 | D:3      | Reached skill level 4 in Long Blades
  3627 | D:3      | Found a stormy altar of Qazlal.
  3629 | D:3      | Noticed an air elemental
  3629 | D:3      | Noticed a water elemental
  3631 | D:3      | Noticed a fire elemental
  3677 | D:3      | Found a hazy altar of Hepliaklqana.
  4352 | D:4      | Noticed a lemure
  4425 | D:4      | Noticed Duvessa
  4431 | D:4      | Reached XP level 6. HP: 39/46 MP: 6/6
  4464 | D:4      | Noticed Robin
  4486 | D:3      | Killed Robin
  4824 | D:4      | Noticed Pikel
  4860 | D:3      | HP: 1/46 [lemure[Pikel] (4)]
  4860 | D:3      | Slain by a lemure

Illustrated notes

Levels and vault maps discovered:
D:1:      matt_arrival_diagonals, layout_basic,
          hellmonk_ecumenical_altar_lost_god, serial_shops, shop
D:2:      minmay_skewed_foursquare, layout_basic, serial_shops, shop
D:3:      layout_basic, nicolae_qazlal_style_of_elements,
          nicolae_kikubaaqudgha_miasma_corner, mainiacjoe_overflow_alcove_4,
          minmay_misc_feat_nine_boxes, st_stairs_2, minmay_distorted
D:4:      layout_cave_pools, okawaru_altar_gauntlet_db, temple_pool_b,
          uniq_robin, uniq_duvessa, uniq_pikel

Skill      XL: |  1  2  3  4  5 |
---------------+----------------+-----
Armour         | 1 |  1.8
Throwing       | 3 |  3.6
Long Blades    | 4 |  4.2
Fighting       | |  2.8
Dodging        | |  3.5

Action                   |  1- 3 |  4- 6 || total
-------------------------+-------+-------++-------
Melee: Long sword        |    83 |   163 ||   246
       Punch             |     1 |     1 ||     2
  Use: Scroll            |       |     5 ||     5
       Potion            |       |     1 ||     1
 Stab: Sleeping          |     1 |     2 ||     3
Armor: Leather armour    |    23 |    48 ||    71
Dodge: Dodged            |    77 |   134 ||   211
